 Dungeon Crawl Stone Soup version 0.20-a0-208-g55166f7 (webtiles) character file.

126 Jarno the Skirmisher (level 4, -2/37 HPs)
             Began as a Demonspawn Chaos Knight on Nov 25, 2016.
             Killed by nerve-wracking pain
             ... invoked by Jessica
              (12 damage)
             ... on level 3 of the Dungeon.
             The game lasted 00:05:04 (2180 turns).

Jarno the Skirmisher (Demonspawn Chaos Knight)      Turns: 2180, Time: 00:05:07

Health: -2/37      AC:  5    Str: 17    XL:     4   Next: 84%
Magic:  4/4        EV: 11    Int: 16    God:    Xom [..*...]
Gold:   194        SH:  0    Dex: 13    Spells: 3/3 levels left

rFire  . . .     SeeInvis .     a - +0 hand axe (chaos)
rCold  . . .     Gourm    .     e - +2 leather armour
rNeg   . . .     Faith    .     (no shield)
rPois  .         Spirit   .     (no helmet)
rElec  .         Reflect  .     (no cloak)
rCorr  .         Harm     .     (no gloves)
MR     .....                    (no boots)
Stlth  +.........               (no amulet)
                                (no ring)
                                (no ring)

@: mighty
A: hooves 2, clever 1, sense surroundings 1, powered by pain 1, rot immunity
a: Renounce Religion


You were on level 3 of the Dungeon.
You worshipped Xom.
You were a toy of Xom.
You were not hungry.

You visited 1 branch of the dungeon, and saw 3 of its levels.

You collected 194 gold pieces.

Inventory:

Hand Weapons
 a - a +0 hand axe of chaos (weapon)
 b - a +0 hunting sling
Missiles
 m - 18 sling bullets
 n - 37 stones (quivered)
Armour
 e - a +2 leather armour (worn)
Jewellery
 g - a +2 ring of strength {unknown}
Wands
 t - a wand of acid (3/15)
Scrolls
 f - a scroll of immolation {unknown}
 j - a scroll of enchant weapon {unknown}
 l - a scroll of fog {unknown}
 p - 2 scrolls of teleportation
 q - a scroll of identify {unknown}
 r - a scroll of fear {unknown}
 v - a scroll of remove curse {unknown}
Potions
 d - 2 potions of curing {unknown}
 o - 3 potions of degeneration {unknown}
 u - a potion of agility {unknown}
Comestibles
 c - 4 bread rations
 h - a beef jerky
 i - a meat ration
 k - a slice of pizza
 s - a chunk of flesh


   Skills:
 + Level 3.8 Fighting
 + Level 3.8 Axes
 + Level 2.4 Armour
 + Level 1.2 Dodging
 + Level 1.2 Stealth


You had 3 spell levels left.
You didn't know any spells.

Dungeon Overview and Level Annotations

Branches:
Dungeon (3/15)

Altars:

Annotations:
D:3 Jessica


Innate Abilities, Weirdness & Mutations

You have hoof-like feet.
You sometimes gain a little power by taking damage.
You are immune to rotting.
Your mind is acute. (Int +2)
You passively map a small area around you.


Message History

The explosion engulfs something.
The explosion engulfs the hound.
You kill the hound!
The explosion engulfs the bush.
The bush is lightly damaged.
The explosion engulfs the bush.
The bush is lightly damaged.
The explosion engulfs you!
* * * LOW HITPOINT WARNING * * *
You focus on the pain.
You feel very mighty all of a sudden.
The explosion engulfs the kobold.
You kill the kobold!
You hit the bush but do no damage. x2
You hear an angry hiss.
You hear a shout!
Jessica casts a spell.
Something hits the bush but does no damage.
Jessica casts a spell at you. Pain shoots through your body!
You die...
Xom cackles wildly! * *####### # .....# #., PPPPPPPPP.# #., ......P.P.# #.PPPPP.PPP.P.P.# #.......P...P...# * *#PPPPPPP.PPP.P.#

, #P.....P.....P@#
#P.PPP.PPPPP.{†####* ,
#P...P...P.P.P(@..#.,
#P.PPP.PPP.P.P........
,
#P.P.........P........,
_


#P.PPPPPPPPPPP........ ##.########.g........., #.# #........... , * #.#
#...........,, You could see Jessica.

Vanquished Creatures
  A hound (D:3)
  3 adders
  2 oozes (D:1)
  2 worms
  3 dart slugs
  A leopard gecko (D:2)
  2 orcs (D:3)
  5 bats
  3 giant cockroaches
  3 goblins
  5 hobgoblins
  3 quokkas
  7 frilled lizards
  4 kobolds
  6 rats
  A bush (D:2)
51 creatures vanquished.

Vanquished Creatures (collateral kills)
  A bat (D:1)
1 creature vanquished.

Grand Total: 52 creatures vanquished

Notes
Turn   | Place    | Note
-------+----------+-------------------------------------------
     0 | D:1      | Jarno the Demonspawn Chaos Knight began the quest for the Orb.
     0 | D:1      | Reached XP level 1. HP: 18/18 MP: 1/1
     0 | D:1      | XOM: divination: detect creatures
    14 | D:1      | XOM: harmless Conj miscast
    29 | D:1      | Gained mutation: You sometimes gain a little power by taking damage. [demonic ancestry]
    29 | D:1      | Reached XP level 2. HP: 24/24 MP: 2/2
    36 | D:1      | XOM: divination: detect items
   408 | D:1      | Gained mutation: You are immune to rotting. [demonic ancestry]
   408 | D:1      | Reached XP level 3. HP: 27/29 MP: 3/3
   791 | D:2      | XOM: give mutations
   791 | D:2      | Gained mutation: Your mind is acute. (Int +2) [Xom's grace]
   791 | D:2      | Gained mutation: You have large cloven feet. [Xom's grace]
   791 | D:2      | Gained mutation: You passively map a small area around you. [Xom's grace]
  1482 | D:2      | Reached skill level 1 in Dodging
  1482 | D:2      | Gained mutation: You have hoof-like feet. [demonic ancestry]
  1482 | D:2      | Reached XP level 4. HP: 35/35 MP: 4/4
  1508 | D:2      | Found a faded altar of an unknown god.
  1599 | D:2      | XOM: summons 2 hostile demons
  1624 | D:2      | XOM: smoke on damage
  1802 | D:2      | XOM: mild Conj miscast
  1943 | D:3      | XOM: harmless Ice miscast
  2006 | D:3      | XOM: divination: detect creatures
  2113 | D:3      | Reached skill level 1 in Stealth
  2168 | D:3      | Noticed Jessica
  2180 | D:3      | Killed from afar by Jessica

Vault maps used:
D:1:      dpeg_arrival_tiny_i
D:2:      serial_forest, infiniplex_forest_straight_1, infiniplex_forest_split,
          infiniplex_forest_clump_double, infiniplex_forest_lined_3,
          infiniplex_forest_clump_double, infiniplex_forest_lined_3_way,
          infiniplex_forest_zigzag_1, first_bread,
          chequers_ecumenical_altar_simple_redux
D:3:      gammafunk_temple_overflow_wave, grunt_decor_resistance,
          roderic_roman_lattice, minmay_hedge_maze, kennysheep_generic_room_4,
          uniq_jessica

Skill      XL: |  1  2  3  4 |
---------------+-------------+-----
Armour         | 2 |  2.4
Axes           | 3 |  3.8
Dodging        | 1 |  1.2
Stealth        | 1 |  1.2
Fighting       | |  3.8

Action                   |  1- 3 |  4- 6 || total
-------------------------+-------+-------++-------
Melee: Hand axe          |   117 |    69 ||   186
       Kick              |     9 |    24 ||    33
  Use: Scroll            |       |     3 ||     3
 Stab: Confused          |     1 |       ||     1
       Paralysed         |     1 |       ||     1
       Sleeping          |     1 |       ||     1
  Eat: Chunk             |     2 |     2 ||     4
Armor: Leather armour    |    39 |    14 ||    53
Dodge: Dodged            |    68 |    32 ||   100
